 Dungeon Sprint DCSS version 0.30-a0-465-g8901f6c8b5 (webtiles) character file.

Game seed: 17645971438683050473

22 NinjaNoafa the Trooper (level 5, -29/51 HPs)
             Began as a Ghoul Gladiator on Dec 18, 2022.
             Was an Initiate of Yredelemnul.
             Killed from afar by a deep elf zephyrmancer (47 damage)
             ... with a bolt of lightning
             ... in the Dungeon (Sprint VI: "Thunderdome").
             The game lasted 00:02:14 (410 turns).

NinjaNoafa the Trooper (Ghoul Gladiator)             Turns: 410, Time: 00:02:14

Health: -29/51     AC:  4    Str: 20    XL:     5   Next: 27%
Magic:  4/4        EV: 13    Int:  3    God:    Yredelemnul [......]
Gold:   240        SH:  0    Dex: 10    Spells: 4/4 levels left

rFire   . . .      SeeInvis .    a - +0 quarterstaff
rCold   + . .      Faith    .    (shield currently unavailable)
rNeg    + + +      Spirit   .    b - +0 leather armour
rPois   ∞          Reflect  .    c - +0 helmet
rElec   .          Harm     .    (no cloak)
rCorr   .          Rampage  .    (no gloves)
Will    .....      NoTele   +    (no boots)
Stlth   +.........               (no amulet)
HPRegen 0.00/turn                (no ring)
MPRegen 0.09/turn                (no ring)

@: inhibited regen
A: claws 1, cold resistance 1, negative energy resistance 3, inhibited
regeneration, torment resistance 2, devour on kill
a: Renounce Religion, Recall Undead Harvest


You were in the Dungeon.
You worshipped Yredelemnul.
Yredelemnul was noncommittal.
You visited 1 branch You collected 240 gold pieces.

Inventory:

Hand Weapons
 a - a +0 quarterstaff (weapon)
Missiles
 d - a throwing net (quivered)
Armour
 b - a +0 leather armour (worn)
 c - a +0 helmet (worn)
Wands
 l - a wand of light (2)
 m - a wand of iceblast (3)
Scrolls
 j - 4 scrolls of blinking
 n - 3 scrolls of fog
Potions
 f - a potion of curing
 g - 3 potions of heal wounds
 h - 4 potions of haste
 i - 2 potions of magic
 k - a potion of resistance


   Skills:
 + Level 6.7 Fighting
 + Level 6.0 Staves
 - Level 1.7 Throwing
 + Level 6.0 Dodging


You had 4 spell levels left.
You didn't know any spells.
Your spell library was empty.

Dungeon Overview and Level Annotations

Branches:
Dungeon (1/1)

Altars:
Cheibriados
Dithmenos
Fedhas
Gozag
Kikubaaqudgha
Makhleb
Okawaru
Qazlal
Ru
Sif Muna
Trog
Uskayaw
Vehumet
Wu Jian
Xom
Yredelemnul
Lugonu

Shops:
D *[??*?*:[((!!!!


Innate Abilities, Weirdness & Mutations

You are immune to poison.
You have sharp fingernails.
Your flesh is cold resistant. (rC+)
You are immune to negative energy. (rN+++)
You do not regenerate when monsters are visible.
You are immune to unholy pain and torment.
You thrive by killing the living.


Message History

Aiming: Bolt of Light
Press: ? - help, Shift-Dir - straight line, f/p - deep elf zephyrmancer
Aim: a deep elf zephyrmancer, wielding a +0 long sword (heavily wounded, 60% to hit)
The bolt of light misses the deep elf zephyrmancer.
You hit the deep elf zephyrmancer.
The deep elf zephyrmancer is severely wounded.
The deep elf zephyrmancer completely misses you.
You closely miss the deep elf zephyrmancer.
The deep elf zephyrmancer is severely wounded.
The deep elf zephyrmancer closely misses you.
You barely miss the deep elf zephyrmancer.
The deep elf zephyrmancer is severely wounded.
The deep elf zephyrmancer casts a spell.
The deep elf zephyrmancer blinks!
The deep elf zephyrmancer gestures at you while chanting.
The bolt of lightning hits you!!
Ouch! That really hurt!
Aiming: Bolt of Light
Press: ? - help, Shift-Dir - straight line, f - you, p - deep elf zephyrmancer That beam is likely to hit you.
Continue anyway?
Okay, then.
Aiming: Bolt of Light
Press: ? - help, Shift-Dir - straight line, f - deep elf zephyrmancer
Aim: a deep elf zephyrmancer, wielding a +0 long sword (severely wounded, 60% to hit)
The bolt of light hits the deep elf zephyrmancer!
The deep elf zephyrmancer is almost dead.
The deep elf zephyrmancer is blinded.
Okay, then.
Throw: javelin
Press: ? - help, Q - select action, (/) - cycle Shift-Dir - straight line, f/p - deep elf zephyrmancer
Aim: a deep elf zephyrmancer, wielding a +0 long sword (almost dead, blind, 48% to hit)
You throw a javelin.
The javelin pierces through the deep elf zephyrmancer.
The deep elf zephyrmancer is almost dead. 50...
The deep elf zephyrmancer casts a spell at you.
The bolt of lightning hits you!!!
Ouch! That really hurt!
You die...
Yredelemnul claims you as an undead slave.

##∩........8.#
#.8........∩##
##∩__.......###......___∩##
######.8.........8.######
#⌠....)......⌠#
###.........### #_......._#
#_......._# #_........#
#∩..e..@.∩# ##∩.....∩##
##.....## ##⌠⌠⌠## #####


You could see a deep elf zephyrmancer (blind).

Vanquished Creatures
  A gnoll sergeant (D)
  8 gnolls (D)
9 creatures vanquished.

Notes
Turn   | Place    | Note
-------+----------+-------------------------------------------
     0 | D        | NinjaNoafa the Ghoul Gladiator began the quest for the Orb.
     0 | D        | Reached XP level 1. HP: 17/17 MP: 0/0
     1 | D        | Found a shimmering blue altar of Sif Muna.
     2 | D        | Found a bloodstained altar of Trog.
     3 | D        | Found a shadowy altar of Dithmenos.
     4 | D        | Found a blossoming altar of Fedhas.
     4 | D        | Found a hide-covered altar of Uskayaw.
     4 | D        | Found Jiepal's Staff Store.
     4 | D        | Found Sidar's Magic Scroll Shop.
     5 | D        | Found a corrupted altar of Lugonu.
     5 | D        | Found Urypoe's Must-Have Magic.
     5 | D        | Found Icinit's Magic Scroll Shop.
     5 | D        | Round 1.
    25 | D        | Reached XP level 2. HP: 15/26 MP: 1/1
    59 | D        | Reached XP level 3. HP: 18/34 MP: 2/2
   125 | D        | Found a burning altar of Makhleb.
   126 | D        | Found a shimmering altar of Xom.
   130 | D        | Found Kenun's Jewellery.
   130 | D        | Found Waqaq's Advanced Armour.
   141 | D        | Found a radiant altar of Vehumet.
   141 | D        | Found Etofauclek's Identification Station.
   141 | D        | Noticed a gnoll sergeant
   148 | D        | Found a snail-covered altar of Cheibriados.
   156 | D        | Killed a gnoll sergeant
   156 | D        | Arena points: 14 (+14) [x2]
   157 | D        | Reached skill level 5 in Staves
   157 | D        | Reached skill level 5 in Dodging
   157 | D        | Reached XP level 4. HP: 27/44 MP: 3/3
   157 | D        | Found an opulent altar of Gozag.
   200 | D        | Round 2.
   222 | D        | Found an iron altar of Okawaru.
   223 | D        | Found a sacrificial altar of Ru.
   223 | D        | Found a basalt altar of Yredelemnul.
   223 | D        | Found Wumib's Premium Goods.
   223 | D        | Found Hebu's Weapon Rack.
   224 | D        | Found Bixehiom's Miscellaneous Merchandise.
   224 | D        | Found Eckasib's Basic Armour.
   249 | D        | Found Iduuge's Distillery.
   256 | D        | Found Kuorecef's Distillery.
   256 | D        | Found Jitef's Bottled Wisdom.
   256 | D        | Found an ancient bone altar of Kikubaaqudgha.
   256 | D        | Found an ornate altar of the Wu Jian Council.
   256 | D        | Found a stormy altar of Qazlal.
   256 | D        | Found Kinor's Do-It-Yourself Clinic.
   259 | D        | Reached XP level 5. HP: 32/51 MP: 4/4
   277 | D        | Became a worshipper of Yredelemnul the Dark
   385 | D        | Arena points: 22 (+8) [x1]
   400 | D        | Round 3.
   400 | D        | Noticed a deep elf zephyrmancer
   410 | D        | Killed from afar by a deep elf zephyrmancer

Illustrated notes

Levels and vault maps discovered:
D:        arena_sprint

Skill      XL: |  1  2  3  4  5 |
---------------+----------------+-----
Fighting       | 3 4 6 |  6.7
Staves         | 3 4 5 6 |  6.0
Dodging        | 3 4 5 6 |  6.0
Throwing       | |  1.7

Action                   |  1- 3 |  4- 6 || total
-------------------------+-------+-------++-------
Melee: Quarterstaff      |    22 |    20 ||    42
Throw: Throwing net      |     3 |       ||     3
       Javelin           |     2 |     1 ||     3
Evoke: Wand              |     2 |     3 ||     5
  Use: Potion            |     1 |       ||     1
 Stab: Invisible         |     3 |       ||     3
Armor: Leather armour    |       |     1 ||     1
Dodge: Dodged            |    14 |    11 ||    25

Table legend: (Time is in decaauts)
 A = Elapsed time spent in this place.
 B = Non-inter-level travel time spent in this place.
 C = Inter-level travel time spent in this place.
 D = Time resting spent in this place.
 E = Time spent auto-exploring this place.
 F = Levels seen in this place.
 G = Mean time per level.
                   A        B        C        D        E       F      G
               +--------+--------+--------+--------+--------+-----+--------+
         Total |    413 |    413 |      0 |      0 |    252 |   1 |  413.0 |
       Dungeon |    413 |    413 |      0 |      0 |    252 |   1 |  413.0 |
               +--------+--------+--------+--------+--------+-----+--------+

Top non-repeatable levels by time:
       D: 413 daAuts
